AoeStats
← tboss

Nomad

511109114Analyzed
4v4 RM · 5h ago on Oct 3, 2026· 46m 59s· 8 players
Game mode
Random Map
Map size
231×231
Population
200
Speed
Normal
Resources
Standard
Victory
Conquest
Starting age
Dark Age
Ending age
Imperial Age
RankedLock teamsTeams togetherTeam positionsShared explorationLock speedFull tech treeHidden civsTurbo modeCheats
Victory
Defeat
🇸🇮 Franks · Slovenia
1232
+16
🇬🇧 Italians · United Kingdom
1203
+17
🇪🇸 Lithuanians · Spain
1199
+17
1160
+18
🇧🇷 Vietnamese · Brazil
1252
-18
🇲🇽 Vikings · Mexico
1239
-18
1227
-17
🇨🇦 Mapuche · Canada
1164
-15
Nicolass
14:09 Feudal Age
19:17 Castle Age
18:20 Scale Barding Armor
20:48 Forging
23:03 Loom
28:03 Iron Casting
28:03 Fletching
30:30 Bloodlines
36:42 Light Cavalry
40:28 Imperial Age
40:40 Cavalier
Rincewind
12:53 Feudal Age
19:23 Castle Age
17:23 Double-Bit Axe
18:21 Horse Collar
20:43 Heavy Plow
21:05 Fletching
26:00 Bow Saw
27:01 Wheelbarrow
27:48 Ballistics
27:25 Bodkin Arrow
28:52 Padded Archer Armor
29:21 Hand Cart
30:34 Leather Archer Armor
30:52 Thumb Ring
36:57 Gold Mining
39:50 Imperial Age
41:03 Crop Rotation
41:35 Two-Man Saw
40:27 Stone Mining
40:01 Elite Genoese Crossbowman
41:06 Conscription
42:19 Chemistry
41:20 Bracer
41:51 Ring Archer Armor
40:58 Capped Ram
46:32 Pirotechnia
46:42 Silk Road
46:58 Hoardings
Sleepy the sexy saxon sheppard
9:15 Loom
13:32 Feudal Age
14:06 Double-Bit Axe
14:05 Fishing Lines
18:42 Stone Mining
21:14 Castle Age
24:00 Wheelbarrow
24:19 Gillnets
29:44 Imperial Age
27:31 Scale Mail Armor
27:41 Forging
27:35 Squires
27:21 Arson
28:27 Chain Mail Armor
28:47 Fletching
30:15 Iron Casting
31:02 Conscription
30:33 Capped Ram
32:58 Hand Cart
33:28 Gold Mining
34:26 Siege Engineers
34:59 Elite Samurai
39:04 Gold Shaft Mining
39:12 Bow Saw
41:17 Two-Man Saw
41:31 Blast Furnace
41:03 Plate Mail Armor
43:40 Blast Furnace
smartiy
14:46 Feudal Age
20:30 Castle Age
22:13 Castle Age
20:03 Double-Bit Axe
23:59 Bow Saw
24:02 Scale Barding Armor
31:34 Imperial Age
28:50 Loom
29:42 Wheelbarrow
28:53 Town Watch
30:58 Chain Barding Armor
30:40 Husbandry
32:19 Forging
31:38 Cavalier
32:54 Plate Barding Armor
32:32 Gold Mining
35:39 Paladin
37:32 Iron Casting
39:19 Blast Furnace
42:50 Conscription
43:03 Hand Cart
45:55 Gold Shaft Mining
45:15 Stone Mining
JM-POL
5:51 Loom
13:51 Feudal Age
17:40 Castle Age
15:28 Fishing Lines
16:15 Gold Mining
20:58 Double-Bit Axe
21:19 Horse Collar
24:13 Heavy Plow
24:28 Bow Saw
25:39 Fletching
26:02 Padded Archer Armor
26:23 Bodkin Arrow
26:45 Medium Warships
27:21 Leather Archer Armor
33:06 Imperial Age
30:44 Squires
30:31 Arson
30:07 Man-at-Arms
30:53 Scale Mail Armor
31:03 Forging
30:53 Long Swordsman
32:01 Chain Mail Armor
33:12 Iron Casting
34:19 Plate Mail Armor
33:22 Two-Handed Swordsman
35:33 Blast Furnace
35:25 Crop Rotation
36:14 Two-Man Saw
35:51 Champion
38:19 Gold Shaft Mining
37:41 Stone Mining
40:56 Pikeman
tboss
5:38 Loom
16:08 Feudal Age
16:44 Double-Bit Axe
18:46 Fishing Lines
23:07 Castle Age
22:18 Fletching
23:28 Wheelbarrow
22:42 Town Watch
24:00 Bow Saw
23:56 Bodkin Arrow
24:38 Wheelbarrow
24:23 Horse Collar
26:13 Heavy Plow
28:57 Ballistics
30:59 Hand Cart
31:19 Gold Mining
34:09 Murder Holes
35:18 Padded Archer Armor
36:15 Malon
37:01 Masonry
46:20 Imperial Age
46:17 Leather Archer Armor
paladin
4:19 Loom
14:42 Feudal Age
19:46 Castle Age
18:45 Stone Mining
19:01 Gold Mining
19:21 Double-Bit Axe
20:32 Wheelbarrow
21:15 Bow Saw
21:42 Hand Cart
22:11 Hand Cart
22:36 Fletching
23:20 Bodkin Arrow
24:41 Horse Collar
31:49 Heavy Plow
44:18 Crossbowman
45:31 Padded Archer Armor
45:19 Elite Skirmisher
驯龙骑士尹志平
4:15 Loom
14:09 Feudal Age
14:48 Double-Bit Axe
16:36 Gold Mining
21:35 Castle Age
19:34 Stone Mining
22:31 Bow Saw
23:38 Gold Shaft Mining
27:07 Imperial Age
27:39 Medium Warships
28:51 Conscription
28:46 Forging
28:36 Scale Mail Armor
29:04 Fishing Lines
30:31 Two-Man Saw
29:38 Squires
31:18 Heavy Warships
30:46 Arson
30:22 Pikeman
31:44 Wheelbarrow
30:55 Town Watch
32:18 Town Patrol
35:00 Kataparuto
34:09 Halberdier
35:52 Iron Casting
35:32 Chain Mail Armor
36:16 Chain Mail Armor
36:36 Gillnets
37:03 Hand Cart
38:24 Elite Samurai
41:01 Blast Furnace
42:06 Plate Mail Armor
Connection lost

Rejoining the realm…

Still unreachable

The connection could not be restored.

Session expired

The server has moved on; the page needs a fresh start.